cohdb
Replays
Latest Replays
All Replays
Popular Replays
Top Player Replays
Match Explorer
How It Works
Community
CoH3 Stats
Reddit
Sign in to upload your games and track your stats! →
Sign in with Steam
Match 19908753
Unlisted
Match 19908753
Overview
Messages
Build Orders
End
Royal Engineer Section
Construct Section Command Post
Vickers Machine Gun Team
Infantry Section
Selects Indian Artillery Battlegroup
Selects Valour
Grenade Package
Infantry Section
Selects Towed ML 4.2-inch Heavy Mortar
Towed ML 4.2-inch Heavy Mortar
Selects Gurkha Rifles Section
Gurkha Rifles Section
Construct Platoon Command Post
6-pounder Anti-tank Gun Team
Gurkha Rifles Section
Selects Pillage
Construct Field Infirmary
Selects Off-map Airburst Barrage
Construct Company Command Post
Selects BL5.5 Artillery Emplacement
Tok3n x Operator
MonoChrome
Wildcard
mr_ako
0
0
Comments
sign in to comment!
No comments posted yet!